 Dungeon Crawl Stone Soup version 0.30-a0-808-g6e0788376e (webtiles) character file.

Game seed: 12553182451878594047

116 cforsyth the Sneak (level 5, -9/32 HPs)
             Began as a Kobold Brigand on Feb 27, 2023.
             Mangled by an ogre
             ... wielding a +0 giant club
              (24 damage)
             ... on level 4 of the Dungeon.
             The game lasted 00:02:50 (3449 turns).

cforsyth the Sneak (Kobold Brigand)                 Turns: 3449, Time: 00:02:50

Health: -9/32      AC:  9    Str:  9    XL:     5   Next: 21%
Magic:  5/5        EV: 13    Int: 12    God:
Gold:   218        SH:  0    Dex: 18    Spells: 4/4 levels left

rFire   . . .      SeeInvis .    a - +2 dagger
rCold   . . .      Faith    .    (no shield)
rNeg    + + .      Spirit   .    v - +1 ring mail of Negligence {Harm rN++ Slay+3}
rPois   .          Reflect  .    m - +0 helmet
rElec   .          Harm     +    c - +0 cloak
rCorr   .          Rampage  .    w - +0 pair of gloves
Will    .....                    (no boots)
Stlth   ++++                     (no amulet)
HPRegen 0.25/turn                (no ring)
MPRegen 0.09/turn                (no ring)

@: no status effects
A: small, no large weapons, nightstalker 3
a: no special abilities


You were on level 4 of the Dungeon.
You visited 1 branch of the dungeon, and saw 4 of its levels.

You collected 218 gold pieces.

Inventory:

Hand Weapons
 a - a +2 dagger (weapon)
Missiles
 d - 19 poisoned darts (quivered)
 e - 3 curare-tipped darts
 k - 4 atropa-tipped darts
Armour
 b - a +0 robe
 c - a +0 cloak (worn)
 m - a +0 helmet (worn)
 v - the +1 ring mail of Negligence (worn) {Harm rN++ Slay+3}
   (You found it on level 2 of the Dungeon)

   Slay:      It affects your accuracy & damage with ranged weapons and melee
   (+3).
   rN:        It greatly protects you from negative energy.
   Harm:      It increases damage dealt and taken.
 w - a +0 pair of gloves (worn)
Jewellery
 h - a ring of willpower
Scrolls
 f - a scroll of amnesia {unknown}
 g - 4 scrolls of teleportation {unknown}
 i - a scroll of magic mapping {unknown}
 j - 4 scrolls of identify {unknown}
 n - 2 scrolls of poison {unknown}
 p - a scroll of fear {unknown}
 q - a scroll of silence {unknown}
 r - 2 scrolls of enchant armour {unknown}
Potions
 l - 2 potions of curing {unknown}
 o - a potion of lignification {unknown}
 s - a potion of ambrosia {unknown}
 t - a potion of resistance {unknown}
 u - a potion of heal wounds {unknown}


   Skills:
 + Level 3.3 Fighting
 + Level 4.0 Short Blades
 - Level 2.1 Throwing
 + Level 2.8 Dodging
 + Level 6.2 Stealth


You had 4 spell levels left.
You didn't know any spells.
Your spell library was empty.

Dungeon Overview and Level Annotations

Branches:
Dungeon (4/15)
 Temple: D:4-7

Altars:
Ru

Annotations:
D:3 1 runed translucent door, Crazy Yiuf


Innate Abilities, Weirdness & Mutations

You are small and have problems with some larger weapons.
You are completely attuned to the shadows.


Message History

Done exploring.
Done exploring.
(D) Dungeon
Where to? (Enter - D:2, ? - help)
There is an open door here.
There is a stone staircase leading down here.
You climb downwards.
Level annotation: 1 runed translucent door, Crazy Yiuf
There is a stone staircase leading up here.
There is an escape hatch in the ceiling here.
You see here a +0 flail.
You see here a +0 ring mail.
There is a stone staircase leading up here.
You see here a staff of cold.
Could not explore, unopened runed door.
Could not explore, unopened runed door.
Could not explore, unopened runed door.
Could not explore, unopened runed door.
(D) Dungeon
Where to? (Enter - D:3, ? - help)
You see here a staff of cold.
There is a stone staircase leading up here.
You see here a +0 ring mail.
There is a stone staircase leading down here.
You climb downwards.
There is a stone staircase leading up here.
An ogre comes into view. It is wielding a +0 giant club.
An ogre is nearby!
An ogre is nearby!
An ogre is nearby!
You barely miss the ogre. You barely miss the ogre.
The ogre hits you with a +0 giant club!
Ouch! That really hurt!
You hit the ogre.
The ogre is moderately wounded.
You hit the ogre.
The ogre is heavily wounded.
The ogre hits you with a +0 giant club!!
Ouch! That really hurt!
You die...

....#.# .....#
#...<.### ......
........#
.....#####.###.###
........... #...#
.....# ##. ###.#
.....# #.# ####.#
#.#
#.###########@#
#...........O.#
###############


You could see an ogre.

Vanquished Creatures
  A hound (D:3)
  2 adders (D:2)
  A worm (D:2)
  A dart slug (D:3)
  An orc (D:3)
  6 endoplasms
  14 giant cockroaches
  4 goblins
  3 hobgoblins
  2 jackals (D:3)
  7 kobolds
  2 quokkas (D:2)
  3 ball pythons
  2 bats
  3 frilled lizards (D:2)
  3 rats
55 creatures vanquished.

Notes
Turn   | Place    | Note
-------+----------+-------------------------------------------
     0 | D:1      | cforsyth the Kobold Brigand began the quest for the Orb.
     0 | D:1      | Reached XP level 1. HP: 12/12 MP: 1/1
   290 | D:1      | Reached XP level 2. HP: 18/18 MP: 2/2
  1153 | D:2      | Reached XP level 3. HP: 21/22 MP: 3/3
  1276 | D:2      | Identified the +1 ring mail of Negligence {Harm rN++
                  | Slay+3}
  1812 | D:2      | Reached XP level 4. HP: 27/27 MP: 4/4
  2167 | D:2      | Reached skill level 6 in Stealth
  2396 | D:3      | Found a sacrificial altar of Ru.
  2775 | D:3      | Reached XP level 5. HP: 32/32 MP: 5/5
  2807 | D:3      | Found a runed translucent door.
  2810 | D:3      | Noticed Crazy Yiuf
  3428 | D:4      | Noticed an ogre
  3449 | D:4      | Mangled by an ogre

Illustrated notes

Levels and vault maps discovered:
D:1:      minmay_arrival_stair_chambers, layout_loops_corners
D:2:      minmay_roachtagon, layout_loops_corners, minmay_pentomino_pile
D:3:      layout_loops_ring, mainiacjoe_overflow_alcove_2,
          uniq_crazy_yiuf_cottage
D:4:      layout_basic, minmay_temple_entry_large_hall

Skill      XL: |  1  2  3  4 |
---------------+-------------+-----
Short Blades   | 3 4 |  4.0
Dodging        | 2 |  2.8
Fighting       | 3 |  3.3
Stealth        | 6 |  6.2
Throwing       | |  2.1

Action                     |  1- 3 |  4- 6 || total
---------------------------+-------+-------++-------
  Melee: Dagger            |    59 |    77 ||   136
   Stab: Sleeping          |    20 |    11 ||    31
 Armour: Robe              |     3 |    30 ||    33
  Dodge: Dodged            |    27 |    94 ||   121

Table legend: (Time is in decaauts)
 A = Elapsed time spent in this place.
 B = Non-inter-level travel time spent in this place.
 C = Inter-level travel time spent in this place.
 D = Time resting spent in this place.
 E = Time spent auto-exploring this place.
 F = Levels seen in this place.
 G = Mean time per level.
                   A        B        C        D        E       F      G
               +--------+--------+--------+--------+--------+-----+--------+
         Total |   3428 |   3141 |    287 |     16 |   2752 |   4 |  857.0 |
       Dungeon |   3428 |   3141 |    287 |     16 |   2752 |   4 |  857.0 |
               +--------+--------+--------+--------+--------+-----+--------+

Top non-repeatable levels by time:
     D:2: 1330 daAuts
     D:1: 1118 daAuts
     D:3: 931 daAuts
     D:4: 48 daAuts
